 Dungeon Crawl Stone Soup version 0.29.1-13-g9f3cf754e1 (webtiles) character file.

Game seed: 496879335509547125

5296 buriedalive the Nimble (level 10, -5/61 HPs)
             Began as a Deep Elf Conjurer on Feb 3, 2023.
             Slain by a yak (13 damage)
             ... on level 8 of the Dungeon.
             The game lasted 00:27:14 (12127 turns).

buriedalive the Nimble (Deep Elf Conjurer)         Turns: 12127, Time: 00:27:15

Health: -5/61      AC: 11    Str:  4    XL:     10   Next: 37%
Magic:  7/21       EV: 16    Int: 31    God:
Gold:   491        SH:  0    Dex: 13    Spells: 14/21 levels left

rFire   + . .      SeeInvis .   F - +4 dagger (speed)
rCold   . . .      Faith    .   (no shield)
rNeg    . . .      Spirit   .   f - +2 robe {rF+}
rPois   .          Reflect  .   B - +2 helmet {Int+3}
rElec   .          Harm     .   y - +0 cloak
rCorr   .          Rampage  .   (no gloves)
Will    +....                   j - +2 pair of boots
Stlth   ++........              (no amulet)
HPRegen 0.20/turn               (no ring)
MPRegen 0.17/turn               (no ring)

@: no status effects
A: no striking features
a: no special abilities


You were on level 8 of the Dungeon.
You visited 2 branches of the dungeon, and saw 9 of its levels.
You also visited: Bailey.

You collected 491 gold pieces.

Inventory:

Hand Weapons
 h - a +0 dagger of venom
 F - a +4 dagger of speed (weapon)
Missiles
 e - 100 stones
 r - 5 datura-tipped darts
 s - 8 poisoned darts
 E - 3 curare-tipped darts
Armour
 a - a +0 robe
 f - a +2 robe of fire resistance (worn)
 j - a +2 pair of boots (worn)
 y - a +0 cloak (worn)
 B - a +2 helmet of intelligence (worn)
Jewellery
 q - a ring of ice
 A - a ring of fire
Scrolls
 c - a scroll of identify
 d - 2 scrolls of brand weapon
 i - 2 scrolls of enchant weapon
 k - a scroll of fog
 l - 3 scrolls of teleportation
 o - a scroll of summoning
 x - a scroll of blinking
Potions
 b - 2 potions of magic
 g - a potion of flight {unknown}
 m - a potion of invisibility {unknown}
 n - 3 potions of haste
 p - a potion of mutation
 t - 2 potions of brilliance
 u - a potion of cancellation
 v - a potion of curing
 w - a potion of might
 D - a potion of resistance {unknown}


   Skills:
 + Level 6.7 Fighting
 - Level 10.0 Dodging
 - Level 2.4 Stealth
 - Level 6.0 Spellcasting
 - Level 10.0 Conjurations
 - Level 5.0 Air Magic


You had 14 spell levels left.
You knew the following spells:

 Your Spells              Type           Power      Damage    Failure   Level
a - Magic Dart            Conj           100%       1d8       1%          1
b - Searing Ray           Conj           100%       2d8       1%          2
c - Mephitic Cloud        Conj/Pois/Air  40%        N/A       1%          3
d - Slow                  Hex            36%        N/A       4%          1

Your spell library contained the following spells:

 Spells                   Type           Power      Damage    Failure   Level
 Dazzling Flash           Conj/Hex       80%        N/A       1%          3
 Fulminant Prism          Conj/Hex       20%        3d13      6%          4
 Iskenderun's Mystic Bla  Conj/Tloc      40%        2d9       6%          4
 Call Imp                 Summ           9%         N/A       8%          2
 Confusing Touch          Hex            9%         N/A       14%         3
 Vampiric Draining        Necr           9%         2d6       14%         3
 Malign Gateway           Summ/Tloc      4%         N/A       100%        7
 Summon Horrible Things   Summ           4%         N/A       100%        8


Dungeon Overview and Level Annotations

Branches:
Dungeon (8/15)             Temple (1/1) D:6            Lair (0/5) D:8
 Bailey (visited)

Altars:
Cheibriados
Dithmenos
Elyvilon
Fedhas
Gozag
Hepliaklqana
Kikubaaqudgha
Okawaru
Qazlal
Ru
Sif Muna
Trog
Uskayaw
Vehumet
Wu Jian
Xom
Yredelemnul
Zin
Lugonu

Portals:
Abyss: D:5

Annotations:
D:5 2 runed translucent doors, exclusion: statue


Message History

The yak is heavily wounded.
The yak misses you.
You hit the yak.
The yak is heavily wounded.
Casting: Searing Ray (safe; 1% risk of failure)
Confirm with . or Enter, or press ? or * to list all spells.
Aiming: Searing Ray (safe; 1% risk of failure)
Press: ? - help, Shift-Dir - straight line, f - yak
Aim: a yak (heavily wounded, 90% to hit)
The searing ray hits the yak.
The yak is severely wounded.
The searing ray hits the yak!
The yak is moderately wounded.
The searing ray hits the yak!
The yak is lightly wounded. (Press . to maintain the ray.)
The yak gores you!
* * * LOW HITPOINT WARNING * * *
The searing ray hits the yak!
The yak is severely wounded.
The searing ray hits the yak.
The yak is moderately wounded.
The searing ray hits the yak!
The yak is heavily wounded.
The yak gores you but does no damage.
The searing ray hits the yak.
The yak is almost dead.
The searing ray hits the yak!
The yak is heavily wounded.
The searing ray hits the yak!
The yak is severely wounded.
The yak gores you!
* * * LOW HITPOINT WARNING * * *
You feel better. The yak barely misses you.
Okay, then.
You aren't carrying any items that you can evoke.
You hit the yak.
The yak is almost dead.
The yak gores you!
You die...

..#
#.......####+######
###
####..............#
#..............#
######
#..............#
.....#
#..............#
.....#
#..............#
.....#
#..............#
.....#
#########'######
.....######### #@#
.....^.......# #Y#
.........S...###Y#
...........lYS..Y#
.....######Y######
..............
P...............
..###.............
[.. .............


You could see 3 yaks.

Vanquished Creatures
  Maggie (D:6)
  Prince Ribbit (Bailey)
  A wyvern (D:8)
  6 humans (Bailey)
  2 yaks (D:8)
  A basilisk (D:8)
  2 steam dragons (D:8)
  Menkaure (D:6)
  3 water moccasins
  An orc warrior (D:7)
  2 sky beasts
  5 black bears
  An ice beast (D:6)
  3 ogres (D:5)
  A centaur (D:7)
  10 bullfrogs
  A kobold brigand (D:6)
  A necrophage (D:4)
  A scorpion (D:5)
  An orc priest (D:5)
  5 hounds
  A jelly (D:7)
  7 orc wizards
  An iguana (D:6)
  Robin (D:4)
  5 adders
  7 gnolls
  A shadow imp (D:6)
  2 white imps
  2 ufetubi
  2 worms
  7 dart slugs
  22 orcs
  6 ball pythons
  10 endoplasms
  2 giant cockroaches (D:2)
  7 hobgoblins
  13 jackals
  15 kobolds
  4 quokkas
  5 bats
  3 frilled lizards
  20 goblins
  3 rats
196 creatures vanquished.

Vanquished Creatures (others)
  3 bushes (D:5)
  2 fungi (D:8)
  10 plants
15 creatures vanquished.

Grand Total: 211 creatures vanquished

Notes
Turn   | Place    | Note
-------+----------+-------------------------------------------
     0 | D:1      | buriedalive the Deep Elf Conjurer began the quest for the
                  | Orb.
     0 | D:1      | Reached XP level 1. HP: 10/10 MP: 6/6
   165 | D:1      | Reached XP level 2. HP: 15/15 MP: 4/8
   340 | D:1      | Learned a level 2 spell: Searing Ray
  1278 | D:2      | Reached skill level 5 in Conjurations
  1278 | D:2      | Reached XP level 3. HP: 19/19 MP: 5/9
  2653 | D:3      | Found a glowing silver altar of Zin.
  2659 | D:3      | Reached XP level 4. HP: 24/24 MP: 3/10
  3034 | D:3      | Found a shadowy altar of Dithmenos.
  4185 | D:4      | Noticed a necrophage
  4196 | D:4      | Killed a necrophage
  4197 | D:4      | Reached skill level 5 in Dodging
  4197 | D:4      | Reached XP level 5. HP: 28/28 MP: 5/11
  4307 | D:4      | Noticed a black bear
  4318 | D:4      | Killed a black bear
  4319 | D:4      | Reached XP level 6. HP: 18/32 MP: 2/12
  4596 | D:4      | Noticed Robin
  4887 | D:4      | Killed Robin
  5287 | D:5      | Entered Level 5 of the Dungeon
  5734 | D:5      | Found a large runed translucent door.
  5786 | D:5      | Found a large runed translucent door.
  5789 | D:5      | Found a radiant altar of Vehumet.
  5804 | D:5      | Reached XP level 7. HP: 36/36 MP: 8/14
  6192 | D:5      | Reached skill level 5 in Spellcasting
  6483 | D:5      | Found a one-way gate to the infinite horrors of the Abyss.
  6483 | D:5      | Identified the +7 dagger "Huejicw" {distort, Fly Dex+2}
  6790 | D:5      | Found a corrupted altar of Lugonu.
  6957 | D:6      | Noticed Maggie
  6982 | D:6      | Reached XP level 8. HP: 41/41 MP: 14/18
  7161 | D:6      | Found a staircase to the Ecumenical Temple.
  7180 | Temple   | Entered the Ecumenical Temple
  7347 | D:6      | Noticed Menkaure
  7358 | D:6      | Killed Menkaure
  8331 | D:6      | Killed Maggie
  8569 | D:6      | Reached XP level 9. HP: 45/45 MP: 14/20
  8894 | D:7      | Found a shimmering altar of Xom.
  8954 | D:7      | Found a flagged portal.
  8963 | Bailey   | Entered a bailey
  8978 | Bailey   | Reached skill level 10 in Dodging
  9271 | Bailey   | Learned a level 3 spell: Mephitic Cloud
  9273 | Bailey   | Learned a level 1 spell: Slow
  9293 | Bailey   | Reached skill level 10 in Conjurations
  9293 | Bailey   | Reached skill level 1 in Air Magic
  9300 | Bailey   | Reached skill level 1 in Fighting
  9820 | Bailey   | Noticed Prince Ribbit
  9850 | Bailey   | Killed Prince Ribbit
 10050 | Bailey   | Noticed a vault guard
 10346 | Bailey   | Noticed a vault guard
 10353 | Bailey   | HP: 2/52 [vault guard/+0 broad axe (13)]
 10637 | D:7      | Reached skill level 5 in Air Magic
 10967 | D:7      | Reached XP level 10. HP: 58/58 MP: 6/21
 11484 | D:7      | Reached skill level 5 in Fighting
 12074 | D:8      | Found a staircase to the Lair.
 12125 | D:8      | HP: 1/61 [yak (12)]
 12127 | D:8      | Slain by a yak

Illustrated notes

Levels and vault maps discovered:
D:1:      heliophobic_arrival_ceremonial_halls, layout_loops_cross,
          chequers_big_river, minmay_box_of_dots
D:2:      layout_basic
D:3:      layout_basic, nicolae_dithmenos_through_a_glass_darkly,
          mainiacjoe_overflow_chevrons, kennysheep_potato
D:4:      layout_basic, uniq_robin
D:5:      due_chaos_kobolds, layout_loops_ring, vehumet_statue,
          dreamdust_princess_bridge
D:6:      layout_loops_corners, minmay_temple_entry_waves, uniq_maggie,
          uniq_menkaure
D:7:      layout_rooms, mainiacjoe_overflow_surrounded_room, enter_bailey_8,
          chequers_serial_rivers_large_a
D:8:      layout_basic, cheibrodos_ashenzari_chains, minmay_lair_entry_grove
Temple:   zaba_magenta_temple

Skill      XL: |  1  2  3  4  5  6  7  8  9 10 |
---------------+-------------------------------+-----
Dodging        | 3 4 5 6 7 9 10 | 10.0
Conjurations   | 5 6 7 9 10 | 10.0
Spellcasting   | 5 6 |  6.0
Air Magic      | 5 |  5.0
Fighting       | 4 6 |  6.7
Stealth        | |  2.4

Action                   |  1- 3 |  4- 6 |  7- 9 | 10-12 || total
-------------------------+-------+-------+-------+-------++-------
Melee: Dagger            |     6 |     5 |    59 |    40 ||   110
Throw: Dart              |       |       |     7 |       ||     7
 Cast: Magic Dart        |    55 |    33 |     6 |       ||    94
       Searing Ray       |    15 |    34 |    57 |    14 ||   120
       Slow              |       |       |     5 |       ||     5
       Mephitic Cloud    |       |       |     1 |       ||     1
Evoke: Wand              |       |       |     8 |       ||     8
  Use: Scroll            |       |     7 |    21 |       ||    28
       Potion            |       |       |     9 |     1 ||    10
 Stab: Sleeping          |       |     1 |     1 |       ||     2
Armor: Robe              |    11 |    13 |    42 |    27 ||    93
Dodge: Dodged            |    40 |    47 |   150 |    56 ||   293
